 Dungeon Crawl Stone Soup version 0.22.0 (webtiles) character file.

76 Blackhawk the Skirmisher (level 4, 0/37 HPs)
             Began as a Formicid Abyssal Knight on Oct 28, 2018.
             Was a Follower of Lugonu.
             Slain by an orc
             ... wielding a +1 vampiric whip
              (3 damage)
             ... on level 3 of the Dungeon.
             The game lasted 00:03:19 (2383 turns).

Blackhawk the Skirmisher (Formicid Abyssal Knight)  Turns: 2383, Time: 00:03:20

Health: 0/37       AC:  4    Str: 18    XL:     4   Next: 57%
Magic:  6/6        EV: 11    Int: 11    God:    Lugonu [*.....]
Gold:   121        SH:  0    Dex: 10    Spells: 3/3 levels left

rFire    . . .     SeeInvis +   a - +1 mace
rCold    . . .     Gourm    .   (no shield)
rNeg     . . .     Faith    .   b - +0 leather armour
rPois    .         Spirit   .   (helmet unavailable)
rElec    .         Reflect  .   k - +0 cloak
rCorr    .         Harm     .   (no gloves)
MR       .....                  (no boots)
Stlth    +.........             (no amulet)
HPRegen  0.12/turn              (no ring)
MPRegen  0.10/turn              (no ring)

@: no status effects
A: permanent stasis, dig shafts and tunnels, four strong arms, antennae 3
a: Dig, Shaft Self, Depart the Abyss, Renounce Religion


You were on level 3 of the Dungeon.
You worshipped Lugonu.
Lugonu was aware of your devotion.
You were hungry.

You visited 1 branch of the dungeon, and saw 3 of its levels.
You visited the Abyss 1 time.

You collected 121 gold pieces.

Inventory:

Hand Weapons
 a - a +1 mace (weapon)
 d - a +0 hunting sling of flaming
 j - a +0 hunting sling
Missiles
 f - 27 sling bullets
Armour
 b - a +0 leather armour (worn)
 k - a +0 cloak (worn)
Jewellery
 h - a cursed ring of attention {unknown}
Scrolls
 e - 2 scrolls of random uselessness {unknown}
 g - a scroll of immolation {unknown}
 i - 3 scrolls of teleportation {unknown}
 l - 3 scrolls of fog {unknown}
 m - 3 scrolls of magic mapping {unknown}
Comestibles
 c - 6 rations


   Skills:
 + Level 3.8 Fighting
 + Level 2.6 Maces & Flails
 + Level 2.9 Armour
 + Level 1.6 Dodging
 + Level 3.0 Invocations


You had 3 spell levels left.
You didn't know any spells.
Your spell library was empty.

Dungeon Overview and Level Annotations

Branches:
Dungeon (3/15)

Altars:
Makhleb
Zin


Innate Abilities, Weirdness & Mutations

You cannot be hasted, slowed, berserked, paralysed or teleported.
You can dig through walls and to a lower floor.
Your four strong arms can wield two-handed weapons with a shield.
You have a pair of large antennae on your head. (SInv)


Message History

The orc is heavily wounded.
The orc hits you with a vampiric whip.
You hit the orc but do no damage.
The orc is heavily wounded.
The orc hits you with a vampiric whip.
The orc draws strength from your wounds!
You barely miss the orc.
The orc is lightly wounded.
The orc hits you with a vampiric whip.
* * * LOW HITPOINT WARNING * * *
The orc draws strength from your wounds!
The orc misses you.
You barely miss the orc. The orc hits you with a vampiric whip.
* * * LOW HITPOINT WARNING * * *
You closely miss the orc. The orc hits you with a vampiric whip.
* * * LOW HITPOINT WARNING * * *
You hit the orc.
The orc is heavily wounded.
The orc hits you with a vampiric whip.
You die...

#......#.# #..
#........### ...
##.........+ ...
#......#### { ..
#.....## { ...
#####.# ### #.# ###
#.# ##o###+# #.#
#@#{o#.####.###
#.########..>..o...#
#.......##..####o#.#
#..####.##...###
#..#...........#
#..#.##.##...#....
#..# #.##..######
#... #.##.## ##..
..##.#


You could see an orc.

Vanquished Creatures
  An orc wizard (D:3)
  An adder (D:3)
  A dart slug (D:1)
  2 leopard geckos
  An orc (D:3)
  2 bats
  3 giant cockroaches
  3 goblins (D:1)
  4 hobgoblins
  5 kobolds
  A quokka (D:2)
  A ball python (D:2)
  A frilled lizard (D:1)
  6 rats
32 creatures vanquished.

Notes
Turn   | Place    | Note
-------+----------+-------------------------------------------
     0 | Abyss:1  | Blackhawk the Formicid Abyssal Knight began the quest for the Orb.
     0 | Abyss:1  | Reached XP level 1. HP: 18/18 MP: 2/2
    60 | Abyss:1  | Noticed a large abomination
    61 | D:1      | Escaped the Abyss
    75 | D:1      | Reached skill level 1 in Dodging
   129 | D:1      | Reached XP level 2. HP: 21/24 MP: 3/3
   132 | D:1      | Reached * piety under Lugonu
   544 | D:1      | You fall through a shaft!
   722 | D:1      | Reached XP level 3. HP: 29/29 MP: 4/4
  1291 | D:2      | Found a glowing silver altar of Zin.
  2016 | D:2      | Found a burning altar of Makhleb.
  2367 | D:3      | Reached XP level 4. HP: 37/37 MP: 6/6
  2383 | D:3      | Slain by an orc

Skill      XL: |  1  2  3  4 |
---------------+-------------+-----
Dodging        | 1 |  1.6
Invocations    | 3 |  3.0
Fighting       | |  3.8
Maces & Flails | |  2.6
Armour         | |  2.9

Action                   |  1- 3 |  4- 6 || total
-------------------------+-------+-------++-------
Melee: Mace              |    88 |    16 ||   104
Invok: Depart the Abyss  |     1 |       ||     1
 Abil: Dig               |     1 |       ||     1
  Eat: Chunk             |     4 |       ||     4
Armor: Leather armour    |    29 |     3 ||    32
Dodge: Dodged            |    52 |     4 ||    56
